[Event "ICC tourney 2532 (25 5)"]
[Site "Internet Chess Club"]
[Date "2021.04.25"]
[Round "7"]
[White "ROY, RAYAT:K12-14819746"]
[Black "EVANS, COOPER:K12-14988402"]
[Result "1-0"]
[ICCResult "Black checkmated"]
[WhiteElo "1488"]
[BlackElo "511"]
[Opening "Ruy Lopez: closed"]
[ECO "C90"]
[NIC "RL.19"]
[Time "15:01:25"]
[PlyCount "139"]
[TimeControl "1500+5"]

1. e4 e5 2. Nf3 Nc6 3. Bb5 a6 4. Ba4 Nf6 5. O-O b5 6. Bb3 Be7 7. Re1 d6 8.
d3 Nd7 9. c3 Bb7 10. Nbd2 Na5 11. Bc2 c5 12. Nf1 Nc6 13. Ng3 O-O 14. Nf5
Bf6 15. Be3 Ne7 16. N3h4 Bxh4 17. Nxh4 Nf6 18. Bg5 Nc8 19. Nf5 Nb6 20. Re3
Bc8 21. Rf3 Be6 22. h3 d5 23. Nxg7 Kxg7 24. Bxf6+ Qxf6 25. Rxf6 Kxf6 26.
exd5 Bxd5 27. Qh5 Rg8 28. Re1 Rxg2+ 29. Kf1 Rg5 30. Qh6+ Rg6 31. Qh4+ Rg5
32. d4 Bg2+ 33. Ke2 Re8 34. Qh6+ Rg6 35. Bxg6 exd4+ 36. Kd2 Nc4+ 37. Kc2
Rxe1 38. Be4+ Ke7 39. Bxg2 Re2+ 40. Kd1 Rd2+ 41. Qxd2 Nxd2 42. Kxd2 dxc3+
43. Kxc3 Kd6 44. h4 f6 45. Be4 h6 46. a3 a5 47. f3 Kc7 48. Bd3 Kb6 49. b3
b4+ 50. axb4 axb4+ 51. Kc4 Kc6 52. Be4+ Kb6 53. Kd5 Kb5 54. Bd3+ Kb6 55.
Ke6 Kc6 56. Kxf6 Kd5 57. Kg6 Kd4 58. Bc4 Ke3 59. Kxh6 Kxf3 60. Kg5 Ke4 61.
h5 Ke5 62. h6 Kd6 63. h7 Ke5 64. h8=Q+ Ke4 65. Qe8+ Kf3 66. Qe2+ Kg3 67.
Qe3+ Kg2 68. Bf1+ Kh1 69. Qh3+ Kg1 70. Qg2# { Black checkmated } 1-0

[Event "ICC tourney 2532 (25 5)"]
[Site "Internet Chess Club"]
[Date "2021.04.25"]
[Round "7"]
[White "ADEWUMI, TANITOLUWA:K12-16649696"]
[Black "J ZHANG, ERIC:K12-16995898"]
[Result "1-0"]
[ICCResult "Black resigns"]
[WhiteElo "2108"]
[BlackElo "1809"]
[Opening "Queen's pawn: London system"]
[ECO "A45"]
[NIC "QP.07"]
[Time "15:00:55"]
[PlyCount "141"]
[TimeControl "1500+5"]

1. d4 Nf6 2. Bf4 g6 3. Nc3 d5 4. e3 Bg7 5. h4 h5 6. Nf3 a6 7. b4 Bg4 8. Qd2
O-O 9. Ne5 Bf5 10. f3 Nc6 11. Nxc6 bxc6 12. Bd3 Be6 13. Na4 Nd7 14. Kf2 f5
15. Nc5 Nxc5 16. bxc5 Qd7 17. Qa5 Ra7 18. c3 Rfa8 19. Rab1 Qc8 20. Bg5 Bf6
21. Bxf6 exf6 22. f4 Kg7 23. a4 Qd7 24. Rb2 Qc8 25. Rhb1 Kh6 26. Qb4 a5 27.
Qa3 Kg7 28. Rb3 g5 29. g3 Kh6 30. Be2 Bd7 31. hxg5+ fxg5 32. Rh1 g4 33. Qb2
Qe8 34. Rh4 Qe6 35. Qd2 Re8 36. Rb1 Qg6 37. Bd3 Bc8 38. Qc2 Qe6 39. Qe2 Rb7
40. Rbh1 Qg6 41. Qc2 Rf8 42. Be2 Be6 43. Bxg4 fxg4 44. Rxh5+ Kg7 45. Rh7+
Kf6 46. R7h6 Bf5 47. Rxg6+ Kxg6 48. e4 Bxe4 49. Qe2 Bxh1 50. Qxg4+ Kf7 51.
Qh5+ Ke6 52. Qxh1 Rb2+ 53. Kf3 Rb3 54. Qh6+ Rf6 55. Qh3+ Ke7 56. Qh7+ Rf7
57. Qh4+ Kd7 58. Qg4+ Ke7 59. Qg5+ Kd7 60. Qg6 Rxc3+ 61. Kg4 Ke7 62. Qxc6
Rg7+ 63. Kf5 Rcxg3 64. Qxc7+ Ke8 65. Qe5+ Kd7 66. Qxd5+ Kc7 67. Qd6+ Kc8
68. c6 Rf7+ 69. Ke4 Rg8 70. Qe6+ Rd7 71. Qxd7+ { Black resigns } 1-0

[Event "ICC tourney 2532 (25 5)"]
[Site "Internet Chess Club"]
[Date "2021.04.25"]
[Round "7"]
[White "OBEROI, SHELEV:K12-14961028"]
[Black "XU, KEVIN:K12-15437078"]
[Result "0-1"]
[ICCResult "White resigns"]
[WhiteElo "2277"]
[BlackElo "2091"]
[Opening "Sicilian: Alapin's variation (2.c3)"]
[ECO "B22"]
[NIC "SI.46"]
[Time "15:01:25"]
[PlyCount "88"]
[TimeControl "1500+5"]

1. e4 c5 2. c3 d5 3. exd5 Qxd5 4. Nf3 Nf6 5. d4 Bg4 6. Be2 e6 7. h3 Bh5 8.
c4 Qd8 9. d5 exd5 10. g4 Bg6 11. g5 Ne4 12. cxd5 Bd6 13. Qa4+ Nd7 14. h4
O-O 15. h5 Bf5 16. Nh4 Nb6 17. Qb3 Bd7 18. Qf3 Re8 19. g6 Qf6 20. gxf7+
Qxf7 21. Qxf7+ Kxf7 22. Kf1 Nxd5 23. Bc4 Be6 24. Nf5 Nb4 25. Bxe6+ Rxe6 26.
Nc3 Nxc3 27. bxc3 Be5 28. Rb1 Bxc3 29. a3 Nd3 30. Rxb7+ Kf6 31. Ne3 Bd4 32.
Bd2 Ke5 33. Rxg7 Rf8 34. Ng4+ Kd5 35. Rh2 Bxg7 36. h6 Bd4 37. Rh5+ Kc4 38.
Rh4 Kb3 39. Rh3 Kc2 40. Bg5 c4 41. Rh2 Re1+ 42. Kg2 Re2 43. Kf1 Re4 44. f3+
Kb3 { White resigns } 0-1

[Event "ICC tourney 2532 (25 5)"]
[Site "Internet Chess Club"]
[Date "2021.04.25"]
[Round "7"]
[White "GINZBURG, LIORA:K12-16587703"]
[Black "BANSAL, ADVAY:K12-16068511"]
[Result "0-1"]
[ICCResult "White resigns"]
[WhiteElo "1523"]
[BlackElo "1974"]
[Opening "Grünfeld: modern exchange variation"]
[ECO "D90"]
[NIC "GI.07"]
[Time "15:00:13"]
[PlyCount "96"]
[TimeControl "1500+5"]

1. Nf3 Nf6 2. d4 g6 3. c4 Bg7 4. Nc3 d5 5. cxd5 Nxd5 6. e4 Nxc3 7. bxc3 c5
8. Be2 O-O 9. O-O Nc6 10. Be3 Bg4 11. d5 Ne5 12. Nxe5 Bxe2 13. Qxe2 Bxe5
14. Rac1 b6 15. Rfd1 Qc7 16. h3 Rfd8 17. Rf1 a6 18. c4 Bf4 19. Rb1 Rdb8 20.
Bxf4 Qxf4 21. e5 Rb7 22. Rb3 Rab8 23. Rf3 Qh6 24. e6 f5 25. a4 Rd8 26. Rb3
Qf4 27. Rfb1 Rdb8 28. a5 Qc7 29. axb6 Rxb6 30. Rxb6 Rxb6 31. Ra1 Qb7 32.
Qc2 Rb2 33. Qd3 Rb3 34. Qc2 Rb4 35. Qd3 Qb6 36. Qc2 a5 37. Qa2 a4 38. Rc1
Qa6 39. Rc3 Qd6 40. g3 Qe5 41. Ra3 Qe4 42. f3 Qe1+ 43. Kh2 Rb1 44. Qg2 Qb4
45. d6 Qxa3 46. dxe7 Rb8 47. h4 Qe3 48. Kh1 Qxe6 { White resigns } 0-1

[Event "ICC tourney 2532 (25 5)"]
[Site "Internet Chess Club"]
[Date "2021.04.25"]
[Round "7"]
[White "HENRY MOSES, KOLE:K12-14682221"]
[Black "HOWARD MCNUTT, WILLIAM:K12-14715106"]
[Result "0-1"]
[ICCResult "White resigns"]
[WhiteElo "1347"]
[BlackElo "1941"]
[Opening "Caro-Kann: two knights variation"]
[ECO "B11"]
[NIC "CK.01"]
[Time "15:01:05"]
[PlyCount "112"]
[TimeControl "1500+5"]

1. e4 c6 2. Nc3 d5 3. Nf3 dxe4 4. Nxe4 Nf6 5. Qe2 Nxe4 6. Qxe4 Nd7 7. d4
Nf6 8. Qh4 Bf5 9. c3 e6 10. Bc4 Be7 11. Bg5 O-O 12. Qg3 h6 13. Bxf6 Bxf6
14. O-O b5 15. Be2 Qb6 16. Ne5 Rfd8 17. Bh5 Bxe5 18. Qxe5 Rd5 19. Qf4 Rad8
20. Bf3 R5d7 21. a3 c5 22. dxc5 Qxc5 23. Rad1 a5 24. Qh4 Rxd1 25. Rxd1
Rxd1+ 26. Bxd1 Qd5 27. Qd4 Qxd4 28. cxd4 b4 29. Kf1 Kf8 30. Ke2 bxa3 31.
bxa3 Ke7 32. Kd2 Kd6 33. Kc3 Be4 34. Kc4 Kc6 35. Ba4+ Kb6 36. g3 Bc6 37.
Bxc6 Kxc6 38. a4 h5 39. f3 g5 40. h3 f6 41. h4 Kb6 42. f4 gxh4 43. gxh4 Kc6
44. Kc3 Kd5 45. Kd3 f5 46. Kc3 Ke4 47. Kc4 Kxf4 48. Kb5 Ke4 49. Kxa5 f4 50.
Kb6 f3 51. a5 f2 52. a6 f1=Q 53. a7 Qa1 54. Kb7 Kxd4 55. a8=Q Qxa8+ 56.
Kxa8 e5 { White resigns } 0-1

[Event "ICC tourney 2532 (25 5)"]
[Site "Internet Chess Club"]
[Date "2021.04.25"]
[Round "7"]
[White "MICHAEL RODRIGUEZ, BRADLEY:K12-14653376"]
[Black "MISYUTIN, VICTOR:K12-17330043"]
[Result "0-1"]
[ICCResult "White checkmated"]
[WhiteElo "1609"]
[BlackElo "917"]
[Opening "Benkö gambit"]
[ECO "A57"]
[NIC "BI.46"]
[Time "15:00:14"]
[PlyCount "140"]
[TimeControl "1500+5"]

1. d4 Nf6 2. c4 c5 3. d5 b5 4. b3 d6 5. Bb2 bxc4 6. bxc4 g6 7. e3 Bg7 8.
Nf3 O-O 9. Bd3 Nbd7 10. O-O Rb8 11. Qc2 Qc7 12. Nbd2 Rxb2 13. Qxb2 Nxd5 14.
Qb1 Bxa1 15. Qxa1 N5f6 16. Rb1 Bb7 17. Ne1 Nb6 18. Qb2 Rb8 19. Qc2 Nfd7 20.
f4 Nf6 21. Nef3 Ng4 22. Nf1 d5 23. h3 Nf6 24. N1d2 dxc4 25. Nxc4 Nxc4 26.
Qxc4 Bd5 27. Qc2 Rxb1+ 28. Qxb1 c4 29. Bc2 Qc5 30. Nd4 Nd7 31. a4 a6 32.
Kf2 e5 33. fxe5 Kg7 34. Nf3 Bc6 35. Qa2 Bxf3 36. gxf3 Nxe5 37. Qa1 f6 38.
Qc3 Qc6 39. e4 Nd7 40. Ke3 Nb6 41. a5 Na4 42. Qb4 Qc5+ 43. Qxc5 Nxc5 44.
Kd4 Nb7 45. Kxc4 Nxa5+ 46. Kb4 Nc6+ 47. Kc5 Nd8 48. Kb6 Ne6 49. Bd1 Nf4 50.
h4 Kh6 51. Kxa6 Kh5 52. Kb5 Kxh4 53. Kc4 Kg3 54. Kd4 h5 55. Ba4 Kxf3 56.
Bd7 g5 57. e5 fxe5+ 58. Kxe5 h4 59. Bc6+ Kg3 60. Kf5 Ng2 61. Kxg5 h3 62.
Kf5 h2 63. Ke6 h1=Q 64. Kd7 Qh7+ 65. Kc8 Qf5+ 66. Kc7 Ne3 67. Bd7 Qc5+ 68.
Kd8 Nd5 69. Bc6 Qe7+ 70. Kc8 Qc7# { White checkmated } 0-1

[Event "ICC tourney 2532 (25 5)"]
[Site "Internet Chess Club"]
[Date "2021.04.25"]
[Round "7"]
[White "MADDEN LANE, LUCA:K12-15596114"]
[Black "JIANG, LEO:K12-14738650"]
[Result "1/2-1/2"]
[ICCResult "Game drawn by mutual agreement"]
[WhiteElo "1339"]
[BlackElo "1871"]
[Opening "Queen's pawn game"]
[ECO "A46"]
[NIC "QP.06"]
[Time "15:00:51"]
[PlyCount "120"]
[TimeControl "1500+5"]

1. d4 Nf6 2. Nf3 e6 3. g3 d5 4. Bg2 Bd6 5. O-O O-O 6. b3 c6 7. Bb2 Nbd7 8.
c4 b6 9. Nc3 Bb7 10. Qc2 a6 11. Rfd1 Qc7 12. Rac1 Rac8 13. e4 dxe4 14. Nxe4
Nxe4 15. Qxe4 Nf6 16. Qh4 Be7 17. d5 cxd5 18. cxd5 Qd6 19. dxe6 Rxc1 20.
Rxc1 Bxf3 21. exf7+ Kxf7 22. Bxf3 Kg8 23. Qc4+ Kh8 24. Qxa6 Qd2 25. Qe2 Ne4
26. Qxd2 Nxd2 27. Bg2 Bc5 28. Rd1 Rxf2 29. Kh1 h6 30. Bc3 Be3 31. Bxd2 Rxd2
32. Rxd2 Bxd2 33. Bc6 Kg8 34. Kg2 Kf7 35. Kf3 Ke6 36. Ke4 Kd6 37. Bb5 Kc5
38. Bd3 b5 39. h4 b4 40. h5 Bc3 41. g4 Bf6 42. Bc4 Bc3 43. Kd3 Bf6 44. Kc2
Be5 45. Bd3 Bd4 46. Kb1 Be5 47. Kc2 Bd4 48. Bc4 Be5 49. Kd3 Bb2 50. Ke4 Bf6
51. Kf5 Bc3 52. Ke6 Bb2 53. Kd7 Bc3 54. Kc7 Bd2 55. Kb7 Bc3 56. Ka6 Bd2 57.
Ka5 Bc3 58. Ka4 Bb2 59. Bd3 Bc1 60. Bc4 Bb2 { Game drawn by mutual
agreement } 1/2-1/2

[Event "ICC tourney 2532 (25 5)"]
[Site "Internet Chess Club"]
[Date "2021.04.25"]
[Round "7"]
[White "PENG, BRANDON:K12-15283836"]
[Black "BONAM, SAIGAUTAM:K12-14765995"]
[Result "0-1"]
[ICCResult "White checkmated"]
[WhiteElo "1769"]
[BlackElo "2193"]
[Opening "QGD semi-Slav"]
[ECO "D43"]
[NIC "SL.03"]
[Time "15:00:54"]
[PlyCount "124"]
[TimeControl "1500+5"]

1. d4 d5 2. c4 c6 3. Nc3 Nf6 4. Nf3 e6 5. Bg5 Be7 6. e3 h6 7. Bh4 O-O 8.
Be2 dxc4 9. Bxc4 b5 10. Be2 a6 11. O-O Nbd7 12. a3 c5 13. Qc2 cxd4 14. Nxd4
Bb7 15. Bf3 Qb6 16. Rfd1 Rac8 17. Rac1 Ne5 18. Bxb7 Qxb7 19. Qb3 Nc4 20. h3
Rfd8 21. Nf3 Rxd1+ 22. Rxd1 Na5 23. Qc2 Nd5 24. Bxe7 Nxe7 25. Qe2 Nc4 26.
e4 Ng6 27. Rd4 Nf4 28. Qc2 Nxb2 29. Qxb2 Rxc3 30. Rd2 Qc7 31. e5 Nxh3+ 32.
gxh3 Rxf3 33. Kg2 Rf5 34. Re2 Qc6+ 35. Kh2 Qf3 36. Re3 Qxf2+ 37. Qxf2 Rxf2+
38. Kg3 Rb2 39. Rd3 Re2 40. Kf3 Rxe5 41. Rd6 a5 42. Ra6 a4 43. Rb6 g5 44.
Rb7 Kg7 45. Kg4 Kg6 46. Kf3 h5 47. Kg3 Re3+ 48. Kg2 Rxa3 49. Rxb5 Ra1 50.
Ra5 a3 51. Kf2 a2 52. Ra3 Rh1 53. Rxa2 Rh2+ 54. Kg3 Rxa2 55. h4 Ra3+ 56.
Kg2 gxh4 57. Kh2 Kg5 58. Kg2 Kg4 59. Kh2 Ra2+ 60. Kg1 Kf3 61. Kh1 Kg3 62.
Kg1 Ra1# { White checkmated } 0-1

[Event "ICC tourney 2532 (25 5)"]
[Site "Internet Chess Club"]
[Date "2021.04.25"]
[Round "7"]
[White "RAJAMANIKANDAN, SATHA:K12-15310314"]
[Black "HUANG, ANDREW:K12-15187612"]
[Result "1/2-1/2"]
[ICCResult "Game drawn by repetition"]
[WhiteElo "1496"]
[BlackElo "1967"]
[Opening "French: exchange variation"]
[ECO "C01"]
[NIC "FR.01"]
[Time "15:00:25"]
[PlyCount "86"]
[TimeControl "1500+5"]

1. e4 e6 2. d4 d5 3. exd5 exd5 4. Nf3 Nf6 5. c4 Bb4+ 6. Nc3 O-O 7. Bg5 Qe8+
8. Be2 Ne4 9. Bd2 Bxc3 10. bxc3 dxc4 11. O-O b5 12. Re1 Nxd2 13. Qxd2 Qd8
14. a4 c6 15. Reb1 Bd7 16. Ne5 Bf5 17. Rb2 f6 18. Nf3 Bd7 19. d5 a6 20. Nd4
Qe8 21. Bf3 Ra7 22. dxc6 Nxc6 23. Nxc6 Bxc6 24. Bxc6 Qxc6 25. axb5 Qe6 26.
b6 Rb7 27. Rxa6 Rfb8 28. Qe3 Qd6 29. Qd4 Qxd4 30. cxd4 Kf7 31. f3 Ke6 32.
Kf2 Kd5 33. Ke3 Re8+ 34. Kd2 Kxd4 35. Rb4 Kc5 36. Raa4 Rd7+ 37. Kc3 Rd3+
38. Kc2 Re2+ 39. Kc1 Re1+ 40. Kc2 Re2+ 41. Kc1 Re1+ 42. Kc2 Re2+ 43. Kc1
Re1+ { Game drawn by repetition } 1/2-1/2

[Event "ICC tourney 2532 (25 5)"]
[Site "Internet Chess Club"]
[Date "2021.04.25"]
[Round "7"]
[White "HAUPTMAN, JACK:K12-15575055"]
[Black "ALBION ZHANG, NATHANIEL:K12-14885012"]
[Result "1/2-1/2"]
[ICCResult "Game drawn by mutual agreement"]
[WhiteElo "1916"]
[BlackElo "2150"]
[Opening "QGD Slav: Tolush-Geller gambit"]
[ECO "D15"]
[NIC "SL.03"]
[Time "15:01:45"]
[PlyCount "90"]
[TimeControl "1500+5"]

1. d4 d5 2. c4 c6 3. Nf3 Nf6 4. Nc3 dxc4 5. e4 b5 6. e5 Nd5 7. Be2 Bb7 8.
O-O Nxc3 9. bxc3 e6 10. a4 Be7 11. Qc2 O-O 12. Ba3 a6 13. Bxe7 Qxe7 14.
Rfb1 Nd7 15. Bxc4 Nb6 16. Bd3 h6 17. a5 Nd5 18. Nd2 c5 19. dxc5 Qg5 20. Nf3
Qe7 21. c6 Bxc6 22. Nd4 Rac8 23. c4 Nb4 24. Qd2 Nxd3 25. Qxd3 Rfd8 26. Nxc6
Rxc6 27. Qe2 Rxc4 28. Rd1 Rdc8 29. g3 Qb4 30. Rd7 Qc3 31. Rad1 Qxa5 32. Qf3
Rf8 33. Rb7 Rc7 34. h4 Rxb7 35. Qxb7 Rd8 36. Rd6 Rf8 37. Rxa6 Qe1+ 38. Kg2
Qxe5 39. Rb6 Qd5+ 40. Qxd5 exd5 41. Rxb5 Rd8 42. Kf3 h5 43. Ke3 d4+ 44. Kd3
g6 45. Rb4 Kg7 { Game drawn by mutual agreement } 1/2-1/2

[Event "ICC tourney 2532 (25 5)"]
[Site "Internet Chess Club"]
[Date "2021.04.25"]
[Round "7"]
[White "AUGUSTO BALDERAS, ADOLFO:K12-14480460"]
[Black "KUNG, THOMAS:K12-14583075"]
[Result "0-1"]
[ICCResult "White resigns"]
[WhiteElo "1962"]
[BlackElo "2293"]
[Opening "French: Tarrasch, open variation"]
[ECO "C07"]
[NIC "FR.19"]
[Time "15:01:25"]
[PlyCount "74"]
[TimeControl "1500+5"]

1. e4 e6 2. d4 d5 3. Nd2 c5 4. exd5 Qxd5 5. dxc5 Nf6 6. Ngf3 Qxc5 7. Nb3
Qc7 8. Bd3 Be7 9. O-O Nbd7 10. c3 O-O 11. Qe2 b6 12. Nbd4 Nc5 13. Bc2 Ba6
14. c4 Rad8 15. b3 Bb7 16. Bb2 Rfe8 17. Nb5 Qf4 18. Rad1 Bxf3 19. Qxf3 Qxf3
20. gxf3 a6 21. Nc3 Nh5 22. Ne2 Bd6 23. Rfe1 a5 24. h3 f5 25. Bd4 Kf7 26.
Kf1 g6 27. Bc3 Na6 28. Rd2 Bb4 29. Red1 Rxd2 30. Rxd2 Bxc3 31. Nxc3 Ke7 32.
Na4 Rb8 33. Bd3 Nf4 34. Ke1 Nxh3 35. a3 Nf4 36. Bf1 Nc5 37. b4 Nxa4 { White
resigns } 0-1

[Event "ICC tourney 2532 (25 5)"]
[Site "Internet Chess Club"]
[Date "2021.04.25"]
[Round "7"]
[White "MUTHUPANDIYAN, SHIV:K12-15901317"]
[Black "HELLER, JACK:K12-15613715"]
[Result "0-1"]
[ICCResult "White checkmated"]
[WhiteElo "1266"]
[BlackElo "1927"]
[Opening "Sicilian: Alapin's variation (2.c3)"]
[ECO "B22"]
[NIC "SI.46"]
[Time "15:00:59"]
[PlyCount "118"]
[TimeControl "1500+5"]

1. e4 c5 2. c3 g6 3. d4 cxd4 4. cxd4 d5 5. e5 Bg7 6. Nc3 a6 7. f4 e6 8. Nf3
Ne7 9. Be2 Nbc6 10. O-O O-O 11. b3 b5 12. Bb2 Qb6 13. Qd2 f6 14. Bd1 fxe5
15. fxe5 Nf5 16. Ne2 Nxe5 17. Nxe5 Bxe5 18. Kh1 Bg7 19. Bc2 Bd7 20. Rac1
Rac8 21. Bxf5 exf5 22. Nf4 Bh6 23. Qf2 Qd6 24. Rc5 Bc6 25. Nd3 Bg7 26. Rfc1
Bb7 27. Ba3 Qf6 28. Bb2 Rfe8 29. Rxc8 Bxc8 30. Rc5 Qe6 31. h3 Qe4 32. Nb4
Bf8 33. Nxd5 Qe1+ 34. Qxe1 Rxe1+ 35. Kh2 Bd6+ 36. g3 Bxc5 37. Nf6+ Kf7 38.
dxc5 Re2+ 39. Kg1 Rxb2 40. Nd5 Bb7 41. Nf4 Rxa2 42. b4 Rb2 43. Nd3 Rb3 44.
Ne5+ Ke6 45. c6 Bc8 46. Nd7 Bxd7 47. cxd7 Kxd7 48. Kg2 Rxb4 49. Kf2 Rc4 50.
g4 a5 51. gxf5 gxf5 52. Ke3 a4 53. h4 a3 54. Kd3 a2 55. Kd2 a1=Q 56. Kd3
Qc3+ 57. Ke2 Rd4 58. h5 Rd2+ 59. Ke1 Qc1# { White checkmated } 0-1

[Event "ICC tourney 2532 (25 5)"]
[Site "Internet Chess Club"]
[Date "2021.04.25"]
[Round "7"]
[White "YORISH, MARK:K12-17264384"]
[Black "QIAN, BILL:K12-15206304"]
[Result "0-1"]
[ICCResult "White checkmated"]
[WhiteElo "987"]
[BlackElo "1848"]
[Opening "Sicilian defense"]
[ECO "B20"]
[NIC "SI.48"]
[Time "15:02:00"]
[PlyCount "144"]
[TimeControl "1500+5"]

1. e4 c5 2. b3 d6 3. Bb2 Nf6 4. Bb5+ Nbd7 5. d3 a6 6. Bxd7+ Bxd7 7. a4 g6
8. Nd2 Bg7 9. Rb1 O-O 10. Ne2 Rb8 11. O-O b5 12. axb5 axb5 13. h3 Qc7 14.
Nf4 e6 15. Qf3 e5 16. Ne2 Ra8 17. Qe3 Ne8 18. f4 f6 19. fxe5 fxe5 20. Rxf8+
Bxf8 21. Nf3 Ng7 22. Bc1 Ne6 23. Qf2 Bg7 24. Qh4 Ra2 25. Rb2 Ra1 26. Kh2 h5
27. Qg3 Be8 28. Bg5 Qa5 29. Bc1 Kh7 30. Qe1 Qxe1 31. Nxe1 Nf4 32. Nxf4 exf4
33. Nf3 Bxb2 34. Bxb2 Ra2 35. Bf6 Rxc2 36. Ng5+ Kh6 37. Nf3 Bf7 38. b4 cxb4
39. Bg5+ Kg7 40. Bxf4 b3 41. Bxd6 b2 42. Be5+ Kg8 43. Bxb2 Rxb2 44. e5 b4
45. Nd4 Rd2 46. e6 Be8 47. Nb3 Rxd3 48. Nc5 Rc3 49. Ne4 Rc1 50. Nd2 Kf8 51.
Nb3 Rc3 52. Nd4 b3 53. Nxb3 Rxb3 54. g4 hxg4 55. hxg4 Ke7 56. g5 Kxe6 57.
Kg2 Kf5 58. Kf2 Kxg5 59. Ke2 Kf4 60. Kd2 Ke4 61. Kc2 Rh3 62. Kd2 g5 63. Kc2
g4 64. Kd2 g3 65. Kc3 g2+ 66. Kc4 g1=Q 67. Kb4 Qb1+ 68. Kc5 Rc3+ 69. Kd6
Qb6+ 70. Ke7 Rc7+ 71. Kf8 Qf6+ 72. Kxe8 Qe7# { White checkmated } 0-1

[Event "ICC tourney 2532 (25 5)"]
[Site "Internet Chess Club"]
[Date "2021.04.25"]
[Round "7"]
[White "KARDAVA, DANIIL:K12-15961344"]
[Black "MATTA, KISNA:K12-14874247"]
[Result "0-1"]
[ICCResult "White checkmated"]
[WhiteElo "1226"]
[BlackElo "1843"]
[Opening "Sicilian: Smith-Morra gambit"]
[ECO "B21"]
[NIC "SI.48"]
[Time "15:00:38"]
[PlyCount "82"]
[TimeControl "1500+5"]

1. e4 c5 2. d4 cxd4 3. Qxd4 Nc6 4. Qd1 Nf6 5. Nc3 e6 6. a3 Qc7 7. Nf3 Be7
8. Bd3 O-O 9. O-O a6 10. Re1 d6 11. Bf4 Ne5 12. Nxe5 dxe5 13. Bg3 b5 14.
Qc1 Bb7 15. Qg5 Bd6 16. Re3 h6 17. Qh4 Be7 18. Qh3 Rad8 19. Bh4 Kh8 20.
Bxf6 Bxf6 21. g4 Bg5 22. Rf3 Bf4 23. g5 Bxg5 24. Kh1 f5 25. Rg3 Bf4 26. Rg6
Rf6 27. Rxf6 gxf6 28. f3 fxe4 29. Nxe4 f5 30. Nf6 Rf8 31. Nh5 e4 32. Be2
Bg5 33. Rg1 Qxc2 34. Bd1 Qd2 35. Qg3 exf3 36. Qe5+ Bf6 37. Rg8+ Kxg8 38.
Qg3+ Kh8 39. Nxf6 Qxd1+ 40. Qg1 f2+ 41. Nd5 Bxd5# { White checkmated } 0-1

[Event "ICC tourney 2532 (25 5)"]
[Site "Internet Chess Club"]
[Date "2021.04.25"]
[Round "7"]
[White "KAZUO SLOWIK, DYLAN:K12-14697884"]
[Black "DYLAN HUDSON, QUINN:K12-14347301"]
[Result "0-1"]
[ICCResult "White forfeits on time"]
[WhiteElo "1769"]
[BlackElo "2141"]
[Opening "Queen's pawn game"]
[ECO "A46"]
[NIC "QP.06"]
[Time "15:00:28"]
[PlyCount "78"]
[TimeControl "1500+5"]

1. Nf3 Nf6 2. d4 e6 3. g3 b6 4. Bg2 Bb7 5. O-O c5 6. c4 cxd4 7. Nxd4 Bxg2
8. Kxg2 Qc7 9. b3 a6 10. Nc3 d5 11. Qd3 dxc4 12. Qxc4 Qb7+ 13. Nf3 Be7 14.
Rd1 O-O 15. Bb2 Nbd7 16. Rac1 Rac8 17. Qf4 b5 18. Kg1 h6 19. Ne5 Nxe5 20.
Qxe5 Rc5 21. Qe3 Rfc8 22. Nb1 Rc2 23. Rxc2 Rxc2 24. Rd2 Rc8 25. Rd1 Bc5 26.
Bd4 Nd5 27. Qe5 Bxd4 28. Qxd4 Rc2 29. e4 Nf6 30. Nc3 b4 31. e5 bxc3 32.
exf6 Qf3 33. Qd8+ Kh7 34. Rf1 Rd2 35. Qa5 Qxf6 36. Qxa6 c2 37. Qc4 Qd4 38.
Qc6 Qd3 39. Qc5 Rd1 { White forfeits on time } 0-1

[Event "ICC tourney 2532 (25 5)"]
[Site "Internet Chess Club"]
[Date "2021.04.25"]
[Round "7"]
[White "BENJAMIN JONES, JACOB:K12-16585267"]
[Black "JAIN, AKERTH:K12-15757158"]
[Result "1-0"]
[ICCResult "Black checkmated"]
[WhiteElo "1891"]
[BlackElo "1276"]
[Opening "Caro-Kann: classical, 6.h4"]
[ECO "B19"]
[NIC "CK.11"]
[Time "15:01:33"]
[PlyCount "109"]
[TimeControl "1500+5"]

1. e4 c6 2. d4 d5 3. Nd2 dxe4 4. Nxe4 Bf5 5. Ng3 Bg6 6. h4 h6 7. Nf3 Nf6 8.
Ne5 Bh7 9. Bc4 e6 10. Qe2 Be7 11. Nxf7 Kxf7 12. Qxe6+ Ke8 13. Qf7+ Kd7 14.
Bf4 Qa5+ 15. Bd2 Qd8 16. Be6+ Kc7 17. Nf5 Bxf5 18. Bxf5 Qe8 19. Bf4+ Kd8
20. Qb3 Bd6+ 21. Be3 Kc7 22. O-O-O Nbd7 23. c4 b6 24. Rhe1 Qf7 25. c5 Qxb3
26. cxd6+ Kb7 27. axb3 Rad8 28. Bf4 Nd5 29. Bg3 N7f6 30. Kd2 Rhe8 31. Rxe8
Rxe8 32. Re1 Rd8 33. Bg6 c5 34. dxc5 bxc5 35. Be4 Nxe4+ 36. Rxe4 Kc6 37.
Ra4 Rd7 38. Be5 Nb6 39. Ra1 Nc8 40. Kc3 Nxd6 41. Bxd6 Kxd6 42. Rd1+ Kc6 43.
Rxd7 Kxd7 44. Kc4 Kc6 45. h5 a5 46. f4 Kb6 47. g4 Kc6 48. g5 hxg5 49. fxg5
g6 50. hxg6 a4 51. bxa4 Kb6 52. g7 Ka5 53. Kxc5 Kxa4 54. g8=Q Ka5 55. Qa8#
{ Black checkmated } 1-0

[Event "ICC tourney 2532 (25 5)"]
[Site "Internet Chess Club"]
[Date "2021.04.25"]
[Round "7"]
[White "R SOMASUNDARAM, ARUN:K12-16330722"]
[Black "SAXE, ERIC:K12-15062745"]
[Result "1-0"]
[ICCResult "Black forfeits on time"]
[WhiteElo "1002"]
[BlackElo "412"]
[Opening "Queen's pawn: London system"]
[ECO "A45"]
[NIC "QP.07"]
[Time "15:00:48"]
[PlyCount "85"]
[TimeControl "1500+5"]

1. d4 Nf6 2. Bf4 c5 3. e3 Qb6 4. b3 Nc6 5. Nf3 d5 6. Be2 Bf5 7. Bd3 Bxd3 8.
Qxd3 e6 9. O-O cxd4 10. Nxd4 Bc5 11. Nxc6 bxc6 12. Nd2 O-O 13. c4 Rac8 14.
cxd5 cxd5 15. h3 Rc6 16. Nf3 Bd6 17. Bxd6 Rxd6 18. Rac1 Rc6 19. Ne5 Rc7 20.
g4 Rfc8 21. Rxc7 Qxc7 22. f4 h6 23. h4 Qc2 24. g5 hxg5 25. hxg5 Qxd3 26.
Nxd3 Ng4 27. Rf3 Rc3 28. Ne5 Rxe3 29. Rxe3 Nxe3 30. Nc6 Nc2 31. b4 d4 32.
b5 d3 33. Kf2 Kf8 34. Nxa7 Ke7 35. b6 Kd7 36. a4 Nb4 37. Nb5 Kc6 38. Nd4+
Kxb6 39. f5 e5 40. Nf3 e4 41. Ne5 d2 42. Nc4+ Kc5 43. Nxd2 { Black forfeits
on time } 1-0

[Event "ICC tourney 2532 (25 5)"]
[Site "Internet Chess Club"]
[Date "2021.04.25"]
[Round "7"]
[White "WOLFSON, BRIAN:K12-14879271"]
[Black "TAHMASSEBI, BIJAN:K12-14989940"]
[Result "1-0"]
[ICCResult "Black resigns"]
[WhiteElo "1838"]
[BlackElo "2174"]
[Opening "King's Indian: fianchetto, lesser Simagin (Spassky) variation"]
[ECO "E62"]
[NIC "KI.72"]
[Time "15:00:51"]
[PlyCount "105"]
[TimeControl "1500+5"]

1. Nf3 Nf6 2. g3 g6 3. Bg2 Bg7 4. O-O O-O 5. d4 d6 6. c4 Nc6 7. Nc3 Bf5 8.
b3 Ne4 9. Bb2 Re8 10. e3 e5 11. d5 Ne7 12. Nh4 Nxc3 13. Bxc3 Bd7 14. f4 f5
15. fxe5 dxe5 16. e4 fxe4 17. Bxe4 Bh3 18. Bg2 Bxg2 19. Kxg2 Qd7 20. Qf3
Kh8 21. Rae1 Ng8 22. Re4 Rf8 23. Qe2 Rxf1 24. Kxf1 Rf8+ 25. Kg1 Nf6 26.
Rxe5 Ng8 27. Nf3 Qg4 28. Re3 Bxc3 29. Rxc3 Nf6 30. Kg2 Nh5 31. Qe5+ Kg8 32.
Re3 Ng7 33. Qxc7 Nf5 34. Re1 Nd4 35. Nxd4 Qxd4 36. Qe5 Rf2+ 37. Kg1 Qd2 38.
Qe8+ Kg7 39. Re7+ Kh6 40. Rf7 Rxf7 41. Qxf7 Qd4+ 42. Qf2 Qa1+ 43. Kg2 Kg7
44. d6 Qe5 45. Qxa7 Qe4+ 46. Kf2 Qc2+ 47. Ke3 Qc1+ 48. Ke4 Qc2+ 49. Kf3
Qf5+ 50. Ke3 Qe5+ 51. Kd3 Qf5+ 52. Kc3 Qf3+ 53. Kb4 { Black resigns } 1-0

[Event "ICC tourney 2532 (25 5)"]
[Site "Internet Chess Club"]
[Date "2021.04.25"]
[Round "7"]
[White "TSAY, VINCENT:K12-15297685"]
[Black "MCCOY, OWEN:K12-14447115"]
[Result "1-0"]
[ICCResult "Black checkmated"]
[WhiteElo "2392"]
[BlackElo "2251"]
[Opening "King's Indian: fianchetto without c4"]
[ECO "A49"]
[NIC "QP.06"]
[Time "15:00:36"]
[PlyCount "79"]
[TimeControl "1500+5"]

1. d4 Nf6 2. Nf3 g6 3. g3 Bg7 4. Bg2 O-O 5. O-O d6 6. b3 Ne4 7. Bb2 f5 8.
Nfd2 Nxd2 9. Qxd2 Qe8 10. c4 e5 11. dxe5 dxe5 12. Ba3 Rf6 13. Nc3 c6 14.
Rad1 Be6 15. Na4 Nd7 16. Bb2 Rf7 17. f4 Bf8 18. fxe5 Rb8 19. Bd4 b5 20.
cxb5 cxb5 21. Nb2 Nc5 22. Qe3 Rc8 23. Nd3 Nxd3 24. Qxd3 a5 25. Rc1 Rfc7 26.
Rxc7 Rxc7 27. Bb6 Bc5+ 28. Bxc5 Rxc5 29. Qd6 Rc2 30. Bd5 Bxd5 31. Qxd5+ Kg7
32. e4 fxe4 33. e6 Qc6 34. Qe5+ Kh6 35. Qf4+ g5 36. Qf8+ Kh5 37. e7 Qc5+
38. Kh1 Kg4 39. e8=Q Qe3 40. Qf5# { Black checkmated } 1-0